General information
- name: BNet
- type: Ladder 1vs1/FFA
- host: Battle.net
- saver: K-Zet
map: LostTemple
- players: 2
- length: 31:24
- speed: Fast
- version: 1.21 W3XP
- replay type: Public
» download(106 KB)
Players
team 1 (winner)

»
K-Zet (
blue | 205 APM | 6440 actions | 31:24)
7 Blademaster
3 Wind Walk
3 Critical Strike
1 Bladestorm
6 Shadow Hunter
2 Hex
3 Healing Wave
1 Big Bad Voodoo
» actions
| Assign group hotkey | 57 | |
| Basic commands | 817 | |
| Build / train | 83 | |
| ESC pressed | 1 | |
| Enter build submenu | 20 | |
| Enter hero's abilities submenu | 13 | |
| Give item / drop item | 3 | |
| Right click | 1991 | |
| Select / deselect | 474 | |
| Select group hotkey | 2870 | |
| Use ability | 111 | |
6440 total
» units
| Peon | 22 | |
| Grunt | 7 | |
| Raider | 8 | |
| Spirit Walker | 4 | |
| Wind Rider | 1 | |
| Tauren | 5 | |
47 total
» upgrades
| Berserker Strength | 1 | |
| Ensnare | 1 | |
| Spirit Walker Training | 1 | |
| Melee Weapons | 3 | |
| Armor | 3 | |
| Reinforced Defenses | 1 | |
| Pulverize | 1 | |
| Shaman Training | 1 | |
| Spiked Barricades | 2 | |
14 total
» buildings
| Altar of Storms | 1 | |
| Orc Burrow | 7 | |
| Barracks | 1 | |
| Stronghold | 1 | |
| Voodoo Lounge | 1 | |
| Beastiary | 2 | |
| Spirit Lodge | 1 | |
| War Mill | 1 | |
| Great Hall | 3 | |
| Fortress | 1 | |
| Tauren Totem | 2 | |
21 total
» build order
00:06 Altar of Storms
00:13 Orc Burrow
00:37 Barracks
01:28 Orc Burrow
02:38 Stronghold
03:17 Voodoo Lounge
04:05 Orc Burrow
05:01 Beastiary
05:02 Spirit Lodge
05:34 War Mill
06:25 Orc Burrow
09:02 Great Hall
10:01 Orc Burrow
10:04 Fortress
12:05 Beastiary
13:22 Orc Burrow
14:53 Tauren Totem
14:54 Tauren Totem
16:08 Orc Burrow
19:34 Great Hall
28:46 Great Hall
» items
| Scroll of Town Portal | 1 | |
| Healing Salve | 1 | |
| Lesser Clarity Potion | 1 | |
| Potion of Mana | 1 | |
4 total
team 2 (loser)
IWANTBLOOD (
yellow | 25 APM | 791 actions | 31:21)
2 Crypt Lord
1 Carrion Beetles
1 Impale
4 Death Knight
2 Unholy Aura
2 Death Coil
» actions
| Assign group hotkey | 35 | |
| Basic commands | 132 | |
| Build / train | 88 | |
| ESC pressed | 2 | |
| Enter build submenu | 22 | |
| Enter hero's abilities submenu | 6 | |
| Remove unit from queue | 1 | |
| Right click | 2 | |
| Select / deselect | 236 | |
| Select group hotkey | 202 | |
| Use ability | 65 | |
791 total
» units
| Acolyte | 10 | |
| Ghoul | 11 | |
| Crypt Fiend | 7 | |
| Meatwagon | 2 | |
| Necromancer | 10 | |
| Obsidian Statue | 2 | |
| Abomination | 2 | |
| Frost Wyrm | 8 | |
52 total
» upgrades
| Cannibalize | 1 | |
| Creature Carapace | 1 | |
| Creature Attack | 1 | |
| Unholy Armor | 1 | |
| Unholy Strength | 1 | |
| Exhume Corpses | 1 | |
| Skeletal Longevity | 1 | |
| Skeletal Mastery | 1 | |
| Web | 1 | |
| Ghoul Frenzy | 1 | |
| Disease Cloud | 1 | |
11 total
» buildings
| Graveyard | 1 | |
| Crypt | 2 | |
| Ziggurat | 10 | |
| Altar of Darkness | 1 | |
| Tomb of Relics | 1 | |
| Spirit Tower | 5 | |
| Halls of the Dead | 1 | |
| Nerubian Tower | 2 | |
| Temple of the Damned | 1 | |
| Black Citadel | 1 | |
| Slaughterhouse | 1 | |
| Sacrificial Pit | 1 | |
| Boneyard | 1 | |
28 total
» build order
00:13 Graveyard
00:21 Crypt
00:48 Ziggurat
01:08 Altar of Darkness
01:22 Ziggurat
01:59 Tomb of Relics
02:38 Ziggurat
04:27 Ziggurat
05:05 Ziggurat
05:30 Ziggurat
05:48 Spirit Tower
06:21 Halls of the Dead
06:25 Spirit Tower
06:29 Nerubian Tower
06:52 Nerubian Tower
06:55 Spirit Tower
07:50 Crypt
08:04 Ziggurat
09:53 Ziggurat
10:14 Ziggurat
10:43 Temple of the Damned
10:47 Black Citadel
10:56 Slaughterhouse
11:13 Spirit Tower
11:21 Sacrificial Pit
13:25 Spirit Tower
15:56 Ziggurat
16:22 Boneyard
» items
| Sacrificial Skull | 1 | |
| Rod of Necromancy | 1 | |
| Scroll of Town Portal | 2 | |
| Potion of Healing | 2 | |
| Scroll of Healing | 1 | |
7 total
Chat log
(25:01 / All) IWANTBLOOD: HACKING ASSHOLE
(25:03 / All) K-Zet: gg
(25:07 / All) IWANTBLOOD: FUCK YOU
(25:09 / All) K-Zet: no youre just terrible
(25:17 / All) IWANTBLOOD: YOU R OUT BNET YOU DUMB FUCK
(25:22 / All) IWANTBLOOD: OH NOW IM TERRIBLE
(25:27 / All) K-Zet: yeah cause i lagged you moron
(25:39 / All) IWANTBLOOD: least i dont need a hack fuckstick
(25:43 / All) IWANTBLOOD: dumbass loser
(25:46 / All) K-Zet: cool niether do i
(25:47 / All) K-Zet: leave
(25:50 / All) IWANTBLOOD: fuck you
(25:53 / All) K-Zet: bye
(25:54 / All) IWANTBLOOD: you leave
(26:05 / All) IWANTBLOOD: youR gonna be nEver playinG agiain dumbass
(26:07 / All) K-Zet: why youre the one wohs awful
(26:12 / All) K-Zet: yeah i will
(26:14 / All) IWANTBLOOD: least i DonT HACK
(26:20 / All) K-Zet: i fail to see how i hack
(26:21 / All) IWANTBLOOD: FUCKING IDIOt JEW
(26:28 / All) IWANTBLOOD: GOtTA CHEAT AT EVERTHING
(26:30 / All) IWANTBLOOD: DUMBASS
(26:31 / All) K-Zet: lol
(26:47 / All) IWANTBLOOD: FUCKING INGRTE genetically inferioR ducikHead
(26:49 / All) K-Zet: gg
(26:56 / All) K-Zet: mmm delicious
(27:03 / All) IWANTBLOOD: you fuck suck you dumb shitt sTain learn how to play
(27:08 / All) IWANTBLOOD: you dumb fuckhole
(27:11 / All) K-Zet: no u
(27:23 / All) IWANTBLOOD: it s time we got ridd of fuckheads like you
(27:29 / All) K-Zet: yeah ill say
(27:31 / All) IWANTBLOOD: intO the oven you fucking sthit stain
(27:37 / All) K-Zet: like catbread
(27:38 / All) IWANTBLOOD: iN THE fucking fukc you
(27:41 / All) K-Zet: right in the oven
(27:54 / All) K-Zet: im gonna expo at yours
(28:11 / All) IWANTBLOOD: fuck you jew
(28:20 / All) K-Zet: thats mr jew to you
(28:28 / All) IWANTBLOOD: you have conTaminate this world long enough fucking vermin
(28:36 / All) K-Zet: i am black actually
(28:41 / All) IWANTBLOOD: long enough you cheating useless shit stain
(28:47 / All) IWANTBLOOD: a nigger jew
(28:53 / All) K-Zet: not jewish unfortunately
(28:55 / All) K-Zet: i wish i was
(28:56 / All) IWANTBLOOD: get in the fucking cotton field sambo
(28:57 / All) K-Zet: im bad with money
(29:03 / All) IWANTBLOOD: you nigger
(29:07 / All) K-Zet: yes
(29:26 / All) IWANTBLOOD: get IN THE COTTEN FIELD AND SERVE THE BETTER RACE YOU FUCKING SHIT COLORED COON
(29:32 / All) K-Zet: <3
(29:33 / All) IWANTBLOOD: \IT LYNCHING TIME NIGGER
(29:40 / All) K-Zet: i dont see why youre so angry
(29:42 / All) K-Zet: you are really bad
(29:46 / All) K-Zet: you dont win very often
(29:59 / All) IWANTBLOOD: WHAQT THE DIFFERENCE BETWEEN YOU AND A BUCKET OF SHIT
(30:02 / All) IWANTBLOOD: NOTHING
(30:07 / All) K-Zet: oh
(30:10 / All) K-Zet: i was gonna say the bucket
(30:23 / All) K-Zet: please stop your cyber threats are intimidating
(30:36 / All) K-Zet: oh wait
(30:37 / All) K-Zet: no theyre not
(30:49 / All) IWANTBLOOD: GO EAT YOUR FUCKING ROTTEN FRIED CHICKEN YOU FUCKING NIGGER AND IM GONNA RAM THE WATERMELONUP YOU BITCHY BLACK ASS
(30:54 / All) IWANTBLOOD: YOU DUMBASS
(30:56 / All) IWANTBLOOD: FUCK YOU
(31:02 / All) K-Zet: such hatred
(31:06 / All) K-Zet: do you like cats?
(31:14 / All) IWANTBLOOD: LEAST I DONT CHEAT YOU FUCKHOLE
(31:19 / All) K-Zet: how did i cheat?